 Dungeon Crawl Stone Soup version 0.28-a0-1518-gbe868bca14 (webtiles) character file.

Game seed: 9024586336813690443

221 comborobin the Skirmisher (level 5, -2/46 HPs)
             Began as a Draconian Brigand on Jan 16, 2022.
             Succumbed to a scorpion's poison
             ... on level 4 of the Dungeon.
             The game lasted 00:03:37 (3325 turns).

comborobin the Skirmisher (Draconian Brigand)       Turns: 3325, Time: 00:03:38

Health: -2/46      AC:  6    Str: 14    XL:     5   Next: 65%
Magic:  5/5        EV: 16    Int: 13    God:
Gold:   108        SH:  0    Dex: 12    Spells: 2/4 levels left

rFire   . . .      SeeInvis +   b - +0 long sword (elec)
rCold   . . .      Faith    .   (no shield)
rNeg    . . .      Spirit   .   (armour unavailable)
rPois   .          Reflect  .   (helmet restricted)
rElec   .          Harm     .   m - +0 cloak
rCorr   .          Rampage  .   (no gloves)
Will    .....                   (no boots)
Stlth   ++........              (no amulet)
HPRegen 0.15/turn               j - ring of see invisible
MPRegen 0.09/turn               f - +4 ring of evasion

@: lethally poisoned (-2 -> -19), hasted, very quick
A: AC +5, unfitting armour, cold-blooded
a: no special abilities


You were on level 4 of the Dungeon.
You visited 1 branch of the dungeon, and saw 4 of its levels.

You collected 108 gold pieces.

Inventory:

Hand Weapons
 a - a +1 dagger of venom
 b - a +0 long sword of electrocution (weapon)
 i - a +1 dagger of protection
 k - a +2 dagger
Missiles
 c - 13 poisoned darts (quivered)
 d - 5 curare-tipped darts
Armour
 m - a +0 cloak (worn)
Jewellery
 f - a +4 ring of evasion (right hand)
 j - a ring of see invisible (left hand)
Scrolls
 e - a scroll of fear {unknown}
 g - a scroll of fog {unknown}
 h - a scroll of noise {unknown}
 l - a scroll of teleportation {unknown}
 o - a scroll of summoning {unknown}


   Skills:
 + Level 4.2 Fighting
 - Level 2.0 Short Blades
 - Level 1.7 Throwing
 + Level 2.9 Dodging
 - Level 3.6 Stealth
 + Level 3.0 Unarmed Combat


You had 2 spell levels left.
You knew the following spells:

 Your Spells              Type           Power      Damage    Failure   Level
a - Poisonous Vapours     Pois/Air       0%         N/A       43%         2

Your spell library contained the following spells:

 Spells                   Type           Power      Damage    Failure   Level
 Corpse Rot               Necr/Air       0%         N/A       43%         2
 Stone Arrow              Conj/Erth      0%         3d7       67%         3
 Lehudib's Crystal Spear  Conj/Erth      0%         10d2      100%        8
 Animate Armour           Summ/Erth      Unusable   N/A       N/A         4

Dungeon Overview and Level Annotations

Branches:
Dungeon (4/15)
 Temple: D:4-7

Altars:
Dithmenos
Fedhas
Hepliaklqana
Makhleb
Yredelemnul


Innate Abilities, Weirdness & Mutations

Your plain brown scales are hard. (AC +5)
You cannot fit into any form of body armour.
You are cold-blooded and may be slowed by cold attacks.


Message History

You hit the hound skeleton.
Lightning courses through the hound skeleton!
You destroy the hound skeleton!
The adder skeleton barely misses you.
Your Unarmed Combat skill increases to level 3!
You slash the adder skeleton!
Lightning courses through the adder skeleton!
You destroy the adder skeleton!
Things that are here:
a +0 dagger; a dart slug corpse; a kobold corpse You open the door.
You hit the scorpion.
The scorpion is moderately wounded.
The scorpion misses you. The scorpion stings you.
You hit the scorpion.
The scorpion is heavily wounded.
The scorpion completely misses you.
You hit the scorpion but do no damage.
The scorpion is heavily wounded.
The scorpion closely misses you. The scorpion stings you.
You barely miss the scorpion.
The scorpion is heavily wounded.
The scorpion stings you.
You are poisoned.
The scorpion poisons you! The scorpion stings you.
You are too injured to fight recklessly!
You hit the scorpion.
The scorpion is heavily wounded.
You feel very sick. The scorpion closely misses you.
You are too injured to fight recklessly!
You barely miss the scorpion.
The scorpion is heavily wounded.
You feel sick. The scorpion stings you.
* * * LOW HITPOINT WARNING * * *
You are lethally poisoned!
The scorpion poisons you! The scorpion stings you!
* * * LOW HITPOINT WARNING * * *
It was a potion of haste.
You feel yourself speed up.
You die...

#.# ##.#
#.######.....
#.##.........#
#.##...###...#
#.##..##.##..#
#.##..#=o.+..#
######.....##g##..#.#
#<......#)###s#......
######.##..##@#####..
.....#....)#'.)(##.
.....#...)##$?.?.#.
......##..###..).|#.
#####..####.#...?.#.
##......##.[.##.
#.#.#.#.#####..
#...#.#......##
###.#.#.......


You could see a scorpion, an orc and a goblin.

Vanquished Creatures
  A hound (D:4)
  A jelly (D:3)
  2 hound skeletons (D:4)
  3 gnolls (D:3)
  3 adders
  An ufetubus (D:3)
  An adder skeleton (D:4)
  A worm (D:4)
  4 dart slugs
  5 orcs
  7 endoplasms
  2 giant cockroaches
  3 goblins
  A hobgoblin (D:2)
  2 quokkas
  6 ball pythons
  6 bats
  4 frilled lizards
  9 kobolds
  6 rats
68 creatures vanquished.

Notes
Turn   | Place    | Note
-------+----------+-------------------------------------------
     0 | D:1      | comborobin the Draconian Brigand began the quest for the
                  | Orb.
     0 | D:1      | Reached XP level 1. HP: 17/17 MP: 1/1
    92 | D:1      | Reached skill level 1 in Dodging
   444 | D:1      | Reached XP level 2. HP: 19/25 MP: 2/2
   707 | D:1      | Reached skill level 1 in Unarmed Combat
   939 | D:1      | Found a faded altar of an unknown god.
  1360 | D:2      | Identified the +4 ring mail "Qaxilow" {Rampage rPois Will+
                  | Str-4}
  1377 | D:2      | Reached XP level 3. HP: 20/30 MP: 3/3
  1688 | D:2      | Learned a level 2 spell: Poisonous Vapours
  1752 | D:2      | Reached skill level 3 in Fighting
  2466 | D:3      | Found a burning altar of Makhleb.
  2519 | D:3      | Found a shadowy altar of Dithmenos.
  2614 | D:3      | Reached XP level 4. HP: 38/38 MP: 4/4
  2914 | D:3      | Found a basalt altar of Yredelemnul.
  3210 | D:3      | Found a hazy altar of Hepliaklqana.
  3213 | D:3      | Found a blossoming altar of Fedhas.
  3267 | D:4      | Noticed a scorpion
  3286 | D:4      | Reached XP level 5. HP: 38/46 MP: 5/5
  3303 | D:4      | Reached skill level 4 in Fighting
  3324 | D:4      | HP: 2/46 [scorpion (7)]
  3325 | D:4      | Succumbed to a scorpion's poison

Illustrated notes

Levels and vault maps discovered:
D:1:      matt_arrival_spirals, layout_basic,
          shapermc_ecumenical_altar_mp_vishouse, ebering_dispersal_statue_hall,
          minmay_misc_feat_enclosed
D:2:      layout_basic
D:3:      layout_loops_ring, nicolae_overflow_hidden_temple,
          lemuel_crystal_altar, mainiacjoe_overflow_six_doors_small,
          minmay_misc_feat_plants
D:4:      layout_basic, mainiacjoe_overflow_alcove_1, serial_bayou_ford_a,
          minmay_joined_circles

Skill      XL: |  1  2  3  4  5 |
---------------+----------------+-----
Dodging        | 1 2 |  2.9
Unarmed Combat | 1 2 3 |  3.0
Fighting       | 3 4 |  4.2
Short Blades   | |  2.0
Throwing       | |  1.7
Stealth        | |  3.6

Action                   |  1- 3 |  4- 6 || total
-------------------------+-------+-------++-------
Melee: Dagger            |   109 |       ||   109
       Tailslap          |    14 |     4 ||    18
       Long sword        |     4 |    68 ||    72
       Punch             |       |     1 ||     1
  Use: Potion            |     1 |     1 ||     2
       Scroll            |     2 |       ||     2
 Stab: Sleeping          |     6 |       ||     6
Armor: Skin              |    41 |    24 ||    65
Dodge: Dodged            |    58 |    53 ||   111

Table legend: (Time is in decaauts)
 A = Elapsed time spent in this place.
 B = Non-inter-level travel time spent in this place.
 C = Inter-level travel time spent in this place.
 D = Time resting spent in this place.
 E = Time spent auto-exploring this place.
 F = Levels seen in this place.
 G = Mean time per level.
                   A        B        C        D        E       F      G
               +--------+--------+--------+--------+--------+-----+--------+
         Total |   3348 |   3228 |    120 |    399 |   2333 |   4 |  837.0 |
       Dungeon |   3348 |   3228 |    120 |    399 |   2333 |   4 |  837.0 |
               +--------+--------+--------+--------+--------+-----+--------+

Top non-repeatable levels by time:
     D:2: 1227 daAuts
     D:1: 1047 daAuts
     D:3: 994 daAuts
     D:4: 78 daAuts
